 Dungeon Crawl Stone Soup version 0.26-a0-540-g8a0c9464d7 (webtiles) character file.

Game seed: 977686500034590964

33 Lanoc the Skirmisher (level 3, 0/29 HPs)
             Began as a Formicid Berserker on Aug 16, 2020.
             Was a Follower of Trog.
             Succumbed to an adder's poison
             ... on level 2 of the Dungeon.
             The game lasted 00:01:04 (730 turns).

Lanoc the Skirmisher (Formicid Berserker)            Turns: 730, Time: 00:01:05

Health: 0/29       AC:  2    Str: 18 (21) XL:     3   Next: 47%
Magic:  3/3        EV: 12    Int: 11 (12) God:    Trog [*.....]
Gold:   41         SH:  0    Dex:  8 (11) Spells: 2/2 levels left

rFire    . . .     SeeInvis +   a - +0 hand axe
rCold    . . .     Faith    .   (no shield)
rNeg     . . .     Spirit   .   b - +0 animal skin
rPois    .         Reflect  .   (helmet unavailable)
rElec    .         Harm     .   (no cloak)
rCorr    .                      (no gloves)
MR       .....                  (no boots)
Stlth    +.........             (no amulet)
HPRegen  0.09/turn              f - +6 ring of intelligence
MPRegen  0.08/turn              (no ring)

@: lethally poisoned (0 -> -3)
A: permanent stasis, dig shafts and tunnels, four strong arms, antennae 3
a: Dig, Shaft Self, Renounce Religion


You were on level 2 of the Dungeon.
You worshipped Trog.
Trog was aware of your devotion.
You visited 1 branch of the dungeon, and saw 2 of its levels.

You collected 41 gold pieces.

Inventory:

Hand Weapons
 a - a +0 hand axe (weapon)
Armour
 b - a +0 animal skin (worn)
Jewellery
 f - a +6 ring of intelligence (left hand)
Scrolls
 c - a scroll of blinking {unknown}
 d - a scroll of identify {unknown}
 g - a scroll of immolation {unknown}
 h - a scroll of magic mapping {unknown}


   Skills:
 + Level 3.6 Fighting
 * Level 3.5 Axes
 + Level 2.6 Armour
 + Level 2.1 Dodging


You had 2 spell levels left.
You didn't know any spells.
Your spell library was empty.

Dungeon Overview and Level Annotations

Branches:
Dungeon (2/15)

Altars:


Innate Abilities, Weirdness & Mutations

You cannot be hasted, slowed, berserked, paralysed or teleported.
You can dig through walls and to a lower floor.
Your four strong arms can wield two-handed weapons with a shield.
You have a pair of large antennae on your head. (SInv)


Message History

You feel sick. The jackal barely misses you.
You barely miss the jackal.
The jackal is lightly wounded.
The jackal closely misses you. x2
You closely miss the jackal.
The jackal is lightly wounded.
The jackal bites you.
* * * LOW HITPOINT WARNING * * *
You hit the jackal.
The jackal is severely wounded.
* * * LOW HITPOINT WARNING * * *
You feel sick. The jackal bites you.
* * * LOW HITPOINT WARNING * * *
The jackal bites you but does no damage.
You hit the jackal.
You kill the jackal!
Trog accepts your kill.
Things that are here:
an adder corpse; a jackal corpse You die...

####### #
######.....##..
#..............
#..............
#<..††.........
#..$..†@...$...
#.######.######.
#.# #.# #.{ #.#
# #.# #.# #.#
.#.


There were no monsters in sight!

Vanquished Creatures
  An adder (D:2)
  A ball python (D:1)
  4 bats (D:1)
  2 goblins (D:1)
  3 hobgoblins (D:1)
  4 jackals (D:2)
  A frilled lizard (D:1)
  2 kobolds (D:1)
  6 rats (D:1)
24 creatures vanquished.

Notes
Turn   | Place    | Note
-------+----------+-------------------------------------------
     0 | D:1      | Lanoc the Formicid Berserker began the quest for the Orb.
     0 | D:1      | Reached XP level 1. HP: 18/18 MP: 1/1
    34 | D:1      | Reached XP level 2. HP: 21/24 MP: 2/2
   715 | D:2      | Reached XP level 3. HP: 28/29 MP: 3/3
   727 | D:2      | HP: 1/29 [jackal (2)]
   730 | D:2      | Succumbed to an adder's poison

Illustrated notes

Levels and vault maps discovered:
D:1:      dpeg_arrival_rhombus, layout_basic
D:2:      wad_pebble_path, layout_rooms, gammafunk_temple_overflow_elements,
          dk_noncrumbling_4, minmay_unequal

Skill      XL: |  1  2 |
---------------+-------+-----
Dodging        | 2 |  2.1
Fighting       | |  3.6
Axes           | |  3.5
Armour         | |  2.6

Action                   || total
-------------------------++-------
Melee: Hand axe          ||    66
  Use: Potion            ||     2
Armor: Animal skin       ||    22
Dodge: Dodged            ||    89

Table legend: (Time is in decaauts)
 A = Elapsed time spent in this place.
 B = Non-inter-level travel time spent in this place.
 C = Inter-level travel time spent in this place.
 D = Time resting spent in this place.
 E = Time spent auto-exploring this place.
 F = Levels seen in this place.
 G = Mean time per level.
                   A        B        C        D        E       F      G
               +--------+--------+--------+--------+--------+-----+--------+
         Total |    738 |    727 |     11 |      0 |    559 |   2 |  369.0 |
       Dungeon |    738 |    727 |     11 |      0 |    559 |   2 |  369.0 |
               +--------+--------+--------+--------+--------+-----+--------+

Top non-repeatable levels by time:
     D:1: 712 daAuts
     D:2: 25 daAuts
